 Zot Defence DCSS version 0.15.2 (webtiles) character file.

2091 Kira the Conjurer (level 9, -25/47 HPs)
             Began as a Deep Elf Conjurer on Oct 21, 2015.
             Was a Believer of Sif Muna.
             Killed by an exploding ball lightning (28 damage)
             ... created by Lom Lobon
             ... in the Realm of Zot (Scenario I: Hall of Zot).
             The game lasted 00:10:59 (8236 turns).

Kira the Conjurer (Deep Elf Conjurer)               Turns: 8236, Time: 00:10:59

HP -25/47        AC  2     Str  5      XL: 9   Next:  6%
MP  21/27        EV 14     Int 24      God: Sif Muna [**....]
Gold 0           SH  0     Dex 15      Spells:  5 memorised,  5 levels left

rFire  . . .     SeeInvis .       - Unarmed
rCold  . . .     Clarity  .     a - +0 robe
rNeg   . . .     rCorr    .     (no shield)
rPois  .         rRot     .     (no helmet)
rElec  .         Spirit   .     (no cloak)
SustAb .         Warding  .     (no gloves)
rMut   .         Stasis   .     (no boots)
Gourm  .                        (no amulet)
MR     .....                    (no ring)
                                (no ring)

@: very slightly contaminated, not resistant to hostile enchantments, unstealthy
A: no striking features
a: Make oklob sapling, Make arrow trap, Make plant, Remove Curse, Make burning
bush, Make altar, Make grenades, Make oklob plant, Make net trap, Make ice
statue, Channel Energy, Forget Spell, Renounce Religion


You were in the Realm of Zot.
You worshipped Sif Muna.
Sif Muna was pleased with you.
You were not hungry.

You visited 1 branch

Inventory:

Armour
 a - a +0 robe (worn)
Comestibles
 d - a bread ration
Scrolls
 i - a scroll of blinking
Potions
 b - 3 potions of curing
 e - a potion of heal wounds
 f - a potion of haste
 g - 2 potions of magic
 h - a potion of berserk rage
Books
 c - a book of Conjurations

   Spells                             Type                      Level
   *Magic Dart                        Conjuration                  1
   *Searing Ray                       Conjuration                  2
   Dazzling Spray                     Conjuration/Hexes            3
   *Fulminant Prism                   Conjuration/Hexes            4
   *Iskenderun's Mystic Blast         Conjuration                  4
   *Iskenderun's Battlesphere         Conjuration/Charms           5


   Skills:
 - Level 1.2 Fighting
 + Level 4.1 Dodging
 - Level 2.4 Stealth
 - Level 1.4 Unarmed Combat
 + Level 6.9 Spellcasting
 + Level 11.4 Conjurations
 * Level 2.1 Invocations


You had 5 spell levels left.
You knew the following spells:

 Your Spells              Type           Power        Failure   Level  Hunger
a - Magic Dart            Conj           ####         1%          1    None
b - Searing Ray           Conj           ######       1%          2    None
c - Fulminant Prism       Conj/Hex       #####.....   10%         4    ###....
d - Iskenderun's Mystic   Conj           ######..     1%          4    ###....
e - Iskenderun's Battles  Conj/Chrm      #####...     24%         5    ####...


Dungeon Overview and Level Annotations

Branches:
    Zot (1/1)

Altars:
Sif Muna

Annotations:
Zot Lom Lobon


Message History

* * * LOW HITPOINT WARNING * * *
4 ball lightnings come into view.
Use which ability? (? or * to list)
You channel some magical energy.
The Brimstone Fiend calls on the powers of darkness!
You feel a surge of unholy energy.
The shadow demon gestures. x2
Use which ability? (? or * to list)
You channel some magical energy.
The ball lightning explodes!
The blast of lightning engulfs the ball lightning.
The ball lightning completely resists.
The blast of lightning engulfs Lom Lobon.
Lom Lobon completely resists.
The blast of lightning engulfs the ball lightning.
The ball lightning completely resists.
The blast of lightning engulfs the ball lightning.
The ball lightning completely resists.
The blast of lightning engulfs you!
Ouch! That really hurt!
You die...

..........## #..................
.......1..# #..................
....^.....## #..................
.....4..54.# #..................
........42.## #..................
....1§..2431###..................
##########121###..**.............
##2221##................
###41.@.&*............#
##############.....▓▓
####...............▓
###...................
##..................... ▓▓▓▓▓▓▓▓▓
#......................
▓.......▓▓▓......................
.........▓▓......................
..........▓......................


You could see Lom Lobon, 2 Brimstone Fiends, 3 Shadow Fiends, a cacodemon, 2
reapers, 2 shadow demons, an orange demon, a sixfirhy, a chaos spawn and 3 ball
lightnings.

Vanquished Creatures
  A spiny frog (Zot)
  A blink frog (Zot)
  A vampire (Zot)
  5 giant frogs (Zot)
8 creatures vanquished.

Vanquished Creatures (collateral kills)
  A slime creature (Zot)
  5 giant frogs (Zot)
6 creatures vanquished.

Vanquished Creatures (others)
  2 oklob plants (Zot)
  3 oklob saplings (Zot)
5 creatures vanquished.

Grand Total: 19 creatures vanquished

Notes
Turn   | Place    | Note
--------------------------------------------------------------
     0 | Zot      | Kira, the Deep Elf Conjurer, began the quest for the Orb.
     0 | Zot      | Reached XP level 1. HP: 10/10 MP: 5/5
  1877 | Zot      | Noticed a giant frog
  1878 | Zot      | Noticed a giant frog
  1878 | Zot      | Noticed a giant frog
  1881 | Zot      | Killed a giant frog
  1881 | Zot      | Reached skill level 6 in Conjurations
  1881 | Zot      | Reached XP level 2. HP: 15/15 MP: 1/8
  1881 | Zot      | Reached XP level 3. HP: 19/19 MP: 1/11
  1881 | Zot      | Reached XP level 4. HP: 24/24 MP: 1/13
  1883 | Zot      | Noticed a giant frog
  1884 | Zot      | Noticed a giant frog
  1885 | Zot      | Noticed a blink frog
  1887 | Zot      | Noticed a giant frog
  1893 | Zot      | Noticed a giant frog
  1897 | Zot      | Noticed a giant frog
  1897 | Zot      | Noticed a giant frog
  1900 | Zot      | Noticed a giant frog
  1901 | Zot      | Noticed Rycoy
  1903 | Zot      | Killed a blink frog
  1903 | Zot      | Reached skill level 7 in Conjurations
  1903 | Zot      | Reached XP level 5. HP: 25/28 MP: 0/18
  1903 | Zot      | Reached XP level 6. HP: 28/32 MP: 0/20
  1910 | Zot      | Killed a giant frog
  1910 | Zot      | Reached skill level 8 in Conjurations
  1912 | Zot      | Became a worshipper of Sif Muna the Loreminder
  1920 | Zot      | Killed a giant frog
  1935 | Zot      | Killed a giant frog
  1935 | Zot      | Reached XP level 7. HP: 34/36 MP: 2/22
  1936 | Zot      | Killed a giant frog
  1936 | Zot      | Reached skill level 5 in Spellcasting
  1942 | Zot      | Killed a giant frog
  1942 | Zot      | Reached skill level 9 in Conjurations
  1958 | Zot      | Killed a giant frog
  1958 | Zot      | Acquired Sif Muna's first power
  1967 | Zot      | Killed a giant frog
  1971 | Zot      | Noticed a slime creature
  1973 | Zot      | Killed a giant frog
  1974 | Zot      | Noticed a vampire
  2006 | Zot      | Killed a giant frog
  2006 | Zot      | Reached XP level 8. HP: 39/42 MP: 1/24
  2031 | Zot      | Killed Rycoy the spiny frog
  2031 | Zot      | Acquired Sif Muna's second power
  2031 | Zot      | Reached skill level 1 in Fighting
  2031 | Zot      | Reached skill level 1 in Unarmed Combat
  2031 | Zot      | Reached skill level 10 in Conjurations
  2042 | Zot      | Killed a slime creature
  2042 | Zot      | Reached skill level 11 in Conjurations
  2042 | Zot      | Reached skill level 1 in Invocations
  2074 | Zot      | Learned a level 2 spell: Searing Ray
  2083 | Zot      | Killed a vampire
  2083 | Zot      | Reached XP level 9. HP: 47/47 MP: 4/27
  4055 | Zot      | Learned a level 4 spell: Fulminant Prism
  4060 | Zot      | Learned a level 4 spell: Iskenderun's Mystic Blast
  4066 | Zot      | Learned a level 5 spell: Iskenderun's Battlesphere
  8156 | Zot      | Noticed a Shadow Fiend
  8157 | Zot      | Noticed a Brimstone Fiend
  8158 | Zot      | Noticed a reaper
  8171 | Zot      | Noticed a sixfirhy
  8172 | Zot      | Noticed a Shadow Fiend
  8181 | Zot      | Noticed an orange demon
  8185 | Zot      | Noticed a shadow demon
  8185 | Zot      | Noticed a sixfirhy
  8188 | Zot      | Noticed a Brimstone Fiend
  8194 | Zot      | Noticed an orange demon
  8197 | Zot      | Noticed an orange demon
  8202 | Zot      | Noticed a cacodemon
  8209 | Zot      | Noticed a Shadow Fiend
  8209 | Zot      | Noticed a shadow demon
  8214 | Zot      | Noticed a reaper
  8216 | Zot      | Noticed a hell beast
  8216 | Zot      | Noticed Lom Lobon
  8235 | Zot      | Noticed a ball lightning
  8235 | Zot      | Noticed a ball lightning
  8235 | Zot      | Noticed a ball lightning
  8235 | Zot      | Noticed a ball lightning
  8236 | Zot      | Killed a ball lightning
  8236 | Zot      | Killed by an exploding ball lightning

Action                   |  1- 3 |  4- 6 |  7- 9 || total
-------------------------+-------+-------+-------++-------
Melee: Unarmed           |       |    20 |    76 ||    96
 Cast: Magic Dart        |     3 |     8 |    17 ||    28
       Searing Ray       |       |       |     5 ||     5
       Iskenderun's Batt |       |       |     2 ||     2
Invok: Channel Energy    |       |       |     8 ||     8
 Abil: Make oklob saplin |       |     2 |     1 ||     3
       Make plant        |       |     3 |       ||     3
       Make arrow trap   |       |     1 |       ||     1
       Make altar        |       |     1 |       ||     1
       Make oklob plant  |       |       |     2 ||     2
